 Seeded DCSS version 0.29.1-13-g9f3cf754e1 (webtiles) character file.

Game seed: 1 (custom seed)

42996 Kazon the Victor of a Thousand Battles (level 13, -3/101 HPs)
             Began as a Demonspawn Fighter on Feb 1, 2023.
             Was the Champion of Okawaru.
             Slain by a yak (11 damage)
             ... on level 5 of the Lair of Beasts.
             The game lasted 01:05:11 (12749 turns).

Kazon the Victor of a Thousand Battles (DsFi)      Turns: 12749, Time: 01:05:11

Health: -3/101     AC: 12    Str: 17    XL:     13   Next: 88%
Magic:  20/20      EV: 15    Int: 13    God:    Okawaru [******]
Gold:   334        SH:  0    Dex: 20    Spells: 12/12 levels left

rFire   + + +      SeeInvis .   e - +12 pair of quick blades "Gyre" and "Gimble" {protect}
rCold   + + .      Faith    .   (shield currently unavailable)
rNeg    . . .      Spirit   .   R - +0 troll leather armour
rPois   +          Reflect  .   s - +0 helmet
rElec   .          Harm     .   c - scarf {rC+ rF+}
rCorr   .          Rampage  .   (no gloves)
Will    .....                   r - +2 pair of boots
Stlth   +++++.....              V - amulet "Odemouw" {Contam rPois rF+++ Regen+ Stlth+}
HPRegen 1.86/turn               Z - +6 ring of dexterity
MPRegen 0.17/turn               q - ring of protection from cold

@: about to teleport
A: claws 2, yellow scales 2, powered by death 1, spiny 2
a: Renounce Religion, Heroism, Finesse, Duel


You were on level 5 of the Lair of Beasts.
You worshipped Okawaru.
Okawaru was exalted by your worship.
You visited 3 branches of the dungeon, and saw 18 of its levels.

You collected 1110 gold pieces.
You spent 776 gold pieces at shops.

Inventory:

Hand Weapons
 e - the +12 pair of quick blades "Gyre" and "Gimble" (weapon) {protect}
   (You acquired it on level 1 of the Dungeon)

   It grants its wielder temporary protection when it strikes (+7 to AC).
 f - the +2 Maxwell's thermic engine {flame, freeze}
   (You found it on level 1 of the Lair of Beasts)

   It burns those it strikes, dealing additional fire damage.
   Big, fiery blades are also staple armaments of hydra-hunters.
   It freezes those it strikes, dealing additional cold damage.
   It can also slow down cold-blooded creatures.
   It becomes more effective when it hits something.
   This effect fades over time.
 y - a +2 dagger of venom
Missiles
 l - a throwing net
 n - 26 boomerangs (quivered)
 A - 9 curare-tipped darts
 G - 34 poisoned darts
 P - a datura-tipped dart
 U - 3 javelins
Armour
 c - a scarf of resistance (worn)
 r - a +2 pair of boots (worn)
 s - a +0 helmet (worn)
 R - a +0 troll leather armour (worn)
Jewellery
 q - a ring of protection from cold (right claw)
 V - the amulet "Odemouw" (around neck) {Contam rPois rF+++ Regen+ Stlth+}
   (You bought it in a shop on level 8 of the Dungeon)

   [amulet of regeneration]

   rF:        It renders you almost immune to fire.
   rPois:     It protects you from poison.
   Contam:    It causes magical contamination when unequipped.
   Regen:     It increases your rate of health regeneration.
   Stlth:     It makes you more stealthy.
 Z - a +6 ring of dexterity (left claw)
Wands
 z - a wand of mindburst (23)
 B - a wand of flame (39)
 D - a wand of polymorph (11)
 J - a wand of paralysis (26)
 M - a wand of roots (11)
Scrolls
 i - 10 scrolls of identify
 j - 2 scrolls of brand weapon {unknown}
 m - 4 scrolls of fog {unknown}
 o - a scroll of immolation
 p - 3 scrolls of poison {unknown}
 t - 4 scrolls of teleportation
 u - a scroll of magic mapping {unknown}
 v - 2 scrolls of noise {unknown}
 E - 4 scrolls of enchant weapon {unknown}
 H - 3 scrolls of fear
 L - a scroll of enchant armour {unknown}
 N - a scroll of summoning {unknown}
 Q - a scroll of amnesia {unknown}
Potions
 a - 2 potions of ambrosia {unknown}
 b - 4 potions of berserk rage {unknown}
 d - 3 potions of might
 g - 2 potions of haste {unknown}
 h - 2 potions of flight
 k - 5 potions of attraction {unknown}
 x - 7 potions of lignification
 C - 2 potions of cancellation {unknown}
 F - 4 potions of magic {unknown}
 I - 3 potions of curing
 K - 2 potions of brilliance {unknown}
 T - a potion of invisibility
 W - a potion of mutation
 X - a potion of heal wounds
Miscellaneous
 w - a lightning rod (3/4)
 O - a condenser vane
 S - a phial of floods


   Skills:
 + Level 9.1 Fighting
 + Level 9.3(9.8) Short Blades
 + Level 4.9(7.7) Long Blades
 + Level 10.2 Throwing
 + Level 7.1 Armour
 + Level 6.1 Dodging
 + Level 8.0 Stealth
 + Level 3.3 Shields
 * Level 10.4 Invocations
 * Level 8.4 Evocations


You had 12 spell levels left.
You didn't know any spells.
Your spell library contained the following spells:

 Spells                   Type           Power      Damage    Failure   Level
 Apportation              Tloc           0%         N/A       34%         1
 Magic Dart               Conj           0%         1d3       34%         1
 Necrotise                Necr           0%         1d4       34%         1
 Sting                    Tmut/Pois      0%         1d3       34%         1
 Poisonous Vapours        Pois/Air       0%         N/A       47%         2
 Mephitic Cloud           Conj/Pois/Air  0%         N/A       71%         3
 Ozocubu's Armour         Ice            0%         N/A       71%         3
 Olgreb's Toxic Radiance  Pois           0%         N/A       98%         4
 Blade Hands              Tmut           0%         N/A       100%        5
 Fireball                 Conj/Fire      0%         3d3       100%        5
 Iskenderun's Battlesphe  Conj           0%         2d6       100%        5
 Metabolic Englaciation   Hex/Ice        0%         N/A       100%        5
 Conjure Ball Lightning   Conj/Air       0%         3x3d6     100%        6
 Iron Shot                Conj/Erth      0%         9d1       100%        6
 Orb of Destruction       Conj           0%         9d5       100%        7
 Ozocubu's Refrigeration  Ice            0%         4d7       100%        7
 Summon Small Mammal      Summ           Unusable   N/A       N/A         1
 Call Imp                 Summ           Unusable   N/A       N/A         2
 Animate Armour           Summ/Erth      Unusable   N/A       N/A         4
 Simulacrum               Ice/Necr       Unusable   N/A       N/A         6

Dungeon Overview and Level Annotations

Branches:
Dungeon (12/15)            Temple (1/1) D:7            Lair (5/5) D:10
 Shoals (0/4) Lair:3       Spider (0/4) Lair:3        Slime (0/5) Lair:4
    Orc: D:9-12

Altars:
Ashenzari
Dithmenos
Gozag
Hepliaklqana
Kikubaaqudgha
Makhleb
Nemelex Xobeh
Okawaru
Uskayaw
Xom
Jiyva

Shops:
D:3 (   D:8 ?(==   D:10 :


Innate Abilities, Weirdness & Mutations

You have very sharp fingernails.
You are mostly covered in yellow scales. (AC +3)
You regenerate a little health from kills.
You are mostly covered in sharp spines.


Message History

The catoblepas gores you.
The yak snorts and paws the ground.
The death yak is struck by your spines. The death yak gores you!
The catoblepas gores you. The death yak is struck by your spines.
The death yak gores you!! The catoblepas gores you!
A yak comes into view.
The death yak is struck by your spines. The death yak gores you!!
The catoblepas is struck by your spines.
The catoblepas gores you but does no damage.
The yak bellows!
A manticore comes into view.
The death yak gores you!
The catoblepas breathes a plume of calcifying dust at you.
The blast of calcifying dust hits you.
You are engulfed in calcifying dust.
The death yak gores you!
A yak comes into view.
The catoblepas gores you!
A death yak comes into view.
The yak gores you!
You are engulfed in calcifying dust.
The death yak gores you but does no damage.
The catoblepas gores you! The yak is struck by your spines. The yak gores you!
You are engulfed in calcifying dust.
The yak is no longer petrified.
The yak gores the plant!
The plant begins to die.
The death yak gores you. The catoblepas gores you!
* * * LOW HITPOINT WARNING * * *
The yak gores you.
* * * LOW HITPOINT WARNING * * *
You turn to flesh and can move again.
A death yak comes into view.
As you read the scroll of teleportation, it crumbles to dust.
You feel strangely unstable.
The yak gores the plant!
The death yak gores you.
* * * LOW HITPOINT WARNING * * *
A yak comes into view.
The catoblepas is struck by your spines.
The catoblepas gores you!
* * * LOW HITPOINT WARNING * * *
The yak is struck by your spines. The yak gores you!
You die...

..###......### .##
##......## ...P .#
##.†.###..# .8..
####...####### ...8.
# #...###.### ##Y8..
# #..##.....## ...Y
##......#..P###
##..#
#......##P....###Y.#
##....####.§Y§.@YY#
##†### #.###PYY##
### #..# ##YH.#
#..## #..Y## ...#
##..# .... ##.. #
Y.##. ###. # .Y .. #


You could see 3 death yaks, a catoblepas, a manticore and 6 yaks.

Vanquished Creatures
  Fannar (Lair:2)
  Erolcha (D:10)
  2 catoblepae
  A two-headed ogre (D:9)
  5 death yaks
  An ugly thing (D:11)
  5 elephants (Lair:4)
  A manticore (Lair:5)
  5 black mambas
  11 cane toads
  Maggie (D:6)
  4 rime drakes
  An unseen horror (D:12)
  4 kobold demonologists (D:11)
  15 komodo dragons
  A tengu conjurer (D:12)
  4 trolls
  Prince Ribbit (D:9)
  A polar bear (Lair:4)
  17 blink frogs
  5 dream sheep (Lair:4)
  A snapping turtle (Lair:3)
  2 shadows
  A vampire (D:10)
  53 yaks
  5 wyverns
  3 basilisks
  Eustachio (D:5)
  2 steam dragons
  Menkaure (D:5)
  Edmund (D:6)
  2 acid dragons
  16 water moccasins
  5 orc warriors
  An ice beast (D:8)
  5 sky beasts
  2 black bears (D:6)
  5 centaurs
  An ogre (D:6)
  A wolf (D:10)
  2 phantoms (D:6)
  3 kobold brigands
  3 necrophages
  6 bullfrogs
  A gnoll sergeant (D:7)
  10 scorpions
  21 wights
  3 killer bees (D:10)
  3 electric eels
  A howler monkey (D:5)
  2 jellies (D:6)
  6 hounds
  7 orc priests
  A gnoll bouda (D:7)
  6 iguanas
  4 orc wizards
  4 hell rats (Lair:3)
  Robin (D:3)
  15 gnolls
  13 adders
  3 shadow imps
  2 white imps (D:7)
  An ufetubus (D:5)
  4 worms
  37 orcs
  11 endoplasms
  3 giant cockroaches
  16 goblins
  9 hobgoblins
  A jackal (D:4)
  27 kobolds
  2 quokkas
  5 ball pythons
  4 bats
  3 frilled lizards
  6 rats
441 creatures vanquished.

Vanquished Creatures (others)
  17 fungi
  23 plants
40 creatures vanquished.

Grand Total: 481 creatures vanquished

Notes
Turn   | Place    | Note
-------+----------+-------------------------------------------
     0 | D:1      | Kazon the Demonspawn Fighter began the quest for the Orb.
     0 | D:1      | Reached XP level 1. HP: 18/18 MP: 1/1
    59 | D:1      | Identified a scroll of acquirement
    74 | D:1      | Acquired the +12 pair of quick blades "Gyre" and "Gimble"
                  | {protect}
    74 | D:1      | Found the +12 pair of quick blades "Gyre" and "Gimble"
                  | {protect}
   240 | D:1      | Gained mutation: You are partially covered in sharp spines.
                  | [demonic ancestry]
   240 | D:1      | Reached XP level 2. HP: 24/24 MP: 2/2
   827 | D:2      | Gained mutation: You regenerate a little health from kills.
                  | [demonic ancestry]
   827 | D:2      | Reached XP level 3. HP: 29/29 MP: 3/3
   851 | D:2      | Reached XP level 4. HP: 36/36 MP: 4/4
  1382 | D:3      | Found Umat's Antique Weapon Boutique.
  1462 | D:3      | Reached skill level 1 in Short Blades
  1471 | D:3      | You fall into a shaft and drop 1 floor!
  1482 | D:4      | Noticed a scorpion
  1490 | D:4      | Killed a scorpion
  1491 | D:4      | Reached XP level 5. HP: 42/42 MP: 5/5
  1775 | D:3      | Reached XP level 6. HP: 48/48 MP: 6/6
  1901 | D:3      | Noticed Robin
  1906 | D:3      | Killed Robin
  1946 | D:3      | Reached skill level 5 in Armour
  1946 | D:3      | Gained mutation: You have sharp fingernails. [demonic
                  | ancestry]
  1946 | D:3      | Reached XP level 7. HP: 58/58 MP: 7/7
  2532 | D:4      | Reached skill level 5 in Short Blades
  2582 | D:4      | Found a hazy altar of Hepliaklqana.
  2776 | D:5      | Entered Level 5 of the Dungeon
  2815 | D:5      | Noticed Eustachio
  2830 | D:5      | Killed Eustachio
  2831 | D:5      | Reached skill level 1 in Evocations
  2831 | D:5      | Gained mutation: You have very sharp fingernails. [demonic
                  | ancestry]
  2831 | D:5      | Reached XP level 8. HP: 49/64 MP: 8/8
  3292 | D:5      | Noticed Menkaure
  3300 | D:5      | Killed Menkaure
  3767 | D:7      | Found a staircase to the Ecumenical Temple.
  3782 | Temple   | Entered the Ecumenical Temple
  3789 | Temple   | Became a worshipper of Warmaster Okawaru
  3808 | D:7      | Gained mutation: You are mostly covered in sharp spines.
                  | [demonic ancestry]
  3808 | D:7      | Reached XP level 9. HP: 34/70 MP: 9/9
  3849 | D:7      | Found a hide-covered altar of Uskayaw.
  3919 | D:6      | Reached skill level 1 in Invocations
  3935 | D:6      | Reached * piety under Okawaru
  3936 | D:6      | Reached skill level 5 in Stealth
  3968 | D:6      | Reached skill level 5 in Throwing
  3980 | D:6      | Noticed Edmund
  3997 | D:6      | Killed Edmund
  3997 | D:6      | Reached ** piety under Okawaru
  4183 | D:6      | Noticed Maggie
  4213 | D:6      | Killed Maggie
  4280 | D:6      | Gained mutation: You are partially covered in yellow
                  | scales. (AC +2) [demonic ancestry]
  4280 | D:6      | Reached XP level 10. HP: 54/77 MP: 12/12
  4600 | D:7      | Reached *** piety under Okawaru
  5133 | D:8      | Found Esumer's Weapon Shop.
  5280 | D:8      | Found Heidghoki's Jewellery Shop.
  5336 | D:8      | Found Quzidd's Magic Scroll Emporium.
  5341 | D:8      | Bought a scroll of teleportation for 42 gold pieces
  5498 | D:8      | Found Zoxtaeshakh's Jewellery Boutique.
  5987 | D:9      | Reached **** piety under Okawaru
  6123 | D:9      | Noticed Prince Ribbit
  6131 | D:9      | Killed Prince Ribbit
  6143 | D:9      | Reached skill level 5 in Dodging
  6327 | D:9      | Noticed a two-headed ogre
  6330 | D:9      | Killed a two-headed ogre
  6465 | D:10     | Entered Level 10 of the Dungeon
  6516 | D:10     | Reached ***** piety under Okawaru
  6541 | D:10     | Found a staircase to the Lair.
  6553 | D:10     | Reached skill level 5 in Invocations
  6557 | D:10     | Gained mutation: You are mostly covered in yellow scales.
                  | (AC +3) [demonic ancestry]
  6557 | D:10     | Reached XP level 11. HP: 77/84 MP: 14/14
  6829 | D:10     | Received a gift from Okawaru
  7232 | D:10     | Noticed Erolcha
  7234 | D:10     | Killed Erolcha
  7235 | D:10     | Reached skill level 5 in Evocations
  7253 | D:10     | Identified the +5 long sword of the Land of Plenty {drain,
                  | Dex+3}
  7258 | D:10     | Found Juagoaq's Book Shoppe.
  7486 | D:11     | Noticed a green ugly thing
  7495 | D:11     | Killed a green ugly thing
  7662 | D:11     | Reached ****** piety under Okawaru
  8157 | D:11     | Received a gift from Okawaru
  8404 | D:8      | Bought the amulet "Odemouw" {Contam rPois rF+++ Regen+
                  | Stlth+} for 734 gold pieces
  8474 | Lair:1   | Entered Level 1 of the Lair of Beasts
  8478 | Lair:1   | Received a gift from Okawaru
  8479 | Lair:1   | Reached XP level 12. HP: 91/91 MP: 17/17
  8543 | Lair:1   | Received a gift from Okawaru
  8566 | Lair:1   | Found the +2 Maxwell's thermic engine {flame, freeze}
  9167 | Lair:2   | Noticed Fannar
  9184 | Lair:2   | Killed Fannar
  9184 | Lair:2   | Received a gift from Okawaru
  9186 | Lair:2   | Noticed a catoblepas
  9204 | Lair:2   | Killed a catoblepas
  9204 | Lair:2   | Received a gift from Okawaru
  9345 | Lair:2   | Received a gift from Okawaru
  9759 | Lair:2   | Identified the +2 plate armour of Okawaru, Charming {rF+
                  | Will- Slay+3} (Okawaru gifted it to you on level 2 of the
                  | Lair of Beasts)
  9759 | Lair:2   | Received a gift from Okawaru
 10377 | Lair:3   | Found a hole to the Spider Nest.
 10495 | Lair:3   | Found an ancient bone altar of Kikubaaqudgha.
 10542 | Lair:3   | Noticed a death yak
 10547 | Lair:3   | Noticed a death yak
 10550 | Lair:3   | Noticed a death yak
 10551 | Lair:3   | Noticed a death yak
 10564 | Lair:3   | Killed a death yak
 10569 | Lair:3   | Killed a death yak
 10570 | Lair:3   | Reached XP level 13. HP: 99/99 MP: 19/19
 10654 | Lair:3   | Found a staircase to the Shoals.
 11062 | Lair:4   | Found a staircase to the Slime Pits.
 11064 | Lair:4   | Found a viscous altar of Jiyva.
 11405 | Lair:4   | Identified the +3 battleaxe "Adididghufym" {antimagic, rF+
                  | Will+}
 11452 | Lair:4   | Received a gift from Okawaru
 11641 | Lair:5   | Entered Level 5 of the Lair of Beasts
 11693 | Lair:5   | Reached skill level 10 in Invocations
 12127 | Lair:5   | Reached skill level 10 in Throwing
 12482 | Lair:5   | Received a gift from Okawaru
 12749 | Lair:5   | Slain by a yak

Illustrated notes

Levels and vault maps discovered:
D:1:      dpeg_arrival_three_smaller_balls, layout_basic
D:2:      layout_loops_ring
D:3:      layout_basic, serial_shops, nicolae_shop_stone, st_stairs_9,
          minmay_misc_feat_doors, eino_curves_03, uniq_robin
D:4:      minmay_wonky_spiral, layout_basic,
          mainiacjoe_overflow_surrounded_room, minivault_5
D:5:      layout_cave_pods, uniq_menkaure, uniq_eustachio
D:6:      cheibrodos_barr_body, layout_basic, minmay_crystal_room,
          minmay_pentangle, uniq_maggie, uniq_edmund
D:7:      layout_cave_pools, nicolae_uskayaw_murder_on_the_dancefloor,
          elyvilon_altar_4, minmay_temple_entry_purple_smoke
D:8:      layout_basic, serial_shops, shop_statue, kennysheep_little_box, shop,
          nicolae_shop_window_shopping
D:9:      layout_cave_pools, uniq_prince_ribbit1
D:10:     layout_stronghold, erik_lair_island, serial_shops,
          nicolae_shop_statue_plus, uniq_erolcha
D:11:     layout_roguey
D:12:     layout_loops_ring, orc_0_dummy, chequers_serial_rivers_marsh,
          uniq_lodul, uniq_nessos, uniq_rupert
Temple:   nicolae_temple_bog_church
Lair:1:   layout_long_grid, fungi_pond_lemuel, cheibrodos_lair_reptile_den
Lair:2:   layout_gridlike, uniq_fannar
Lair:3:   layout_roguey, minmay_shoals_entry_hut,
          nicolae_spider_entry_non_spiders, basic_altar, serial_bayou_crossing
Lair:4:   layout_gridlike, slime_entry_1, serial_rivers,
          chequers_serial_rivers_room_a, chequers_serial_rivers_micro_c,
          chequers_serial_rivers_room_a, chequers_serial_rivers_micro_e,
          minivault_27, grunt_megastairs_3, infiniplex_staircase_pool_2
Lair:5:   evilmike_catoblepas_cave, layout_long_grid

Skill      XL: |  1  2  3  4  5  6  7  8  9 10 11 12 13 |
---------------+----------------------------------------+-----
Long Blades    | 2 4 |  4.9
Armour         | 3 5 6 7 |  7.1
Shields        | 3 |  3.3
Short Blades   | 1 2 4 5 6 7 8 9 |  9.3
Fighting       | 4 6 7 8 9 |  9.1
Throwing       | 4 5 6 8 9 10 | 10.2
Dodging        | 4 5 6 |  6.1
Stealth        | 4 5 6 7 8 |  8.0
Evocations     | 1 2 3 4 5 7 8 |  8.4
Invocations    | 3 5 7 9 10 | 10.4

Action                   |  1- 3 |  4- 6 |  7- 9 | 10-12 | 13-15 || total
-------------------------+-------+-------+-------+-------+-------++-------
Melee: Long sword        |    13 |       |       |       |       ||    13
       Pair of quick bla |    30 |    54 |   157 |   485 |   241 ||   967
Throw: Stone             |       |    28 |    47 |    67 |       ||   142
       Boomerang         |       |    12 |     6 |    75 |    11 ||   104
       Dart              |       |       |       |    43 |    59 ||   102
       Javelin           |       |       |       |       |     4 ||     4
Invok: Heroism           |       |       |       |     3 |       ||     3
Evoke: Wand              |       |       |       |     9 |     2 ||    11
       Condenser vane    |       |       |       |     1 |       ||     1
       Lightning rod     |       |       |       |       |     5 ||     5
  Use: Scroll            |     1 |       |     2 |     4 |     3 ||    10
       Potion            |       |     1 |       |     2 |       ||     3
 Stab: Sleeping          |       |       |     4 |    20 |    10 ||    34
       Distracted        |       |       |       |     1 |       ||     1
       Petrifying        |       |       |       |       |     1 ||     1
Armor: Scale mail        |    31 |    10 |     9 |       |       ||    50
       Leather armour    |       |       |    14 |       |       ||    14
       Acid dragon scale |       |       |     5 |    27 |       ||    32
       Troll leather arm |       |       |       |    48 |    37 ||    85
       Skin              |       |       |       |     1 |       ||     1
Dodge: Dodged            |    37 |    17 |    80 |   125 |    47 ||   306
Block: Buckler           |    12 |       |       |       |       ||    12
